 Dungeon Crawl Stone Soup version 0.31-a0-329-g52107efa6a (webtiles) character file.

Game seed: 5655815302745521022

149 AdnanSaban the Trooper (level 5, -1/33 HPs)
             Began as a Gargoyle Fighter on July 19, 2023.
             Slain by a gnoll
             ... wielding a +0 spear
              (5 damage)
             ... on level 4 of the Dungeon.
             The game lasted 00:02:06 (2293 turns).

AdnanSaban the Trooper (Gargoyle Fighter)           Turns: 2293, Time: 00:02:07

Health: -1/33      AC: 12    Str: 22    XL:     5   Next: 31%
Magic:  5/5        EV:  9    Int:  8    God:
Gold:   153        SH:  4    Dex:  9    Spells: 4/4 levels left

rFire   . . .        a - +0 flail
rCold   . . .        c - +0 buckler
rNeg    + . .        b - +0 scale mail
rPois   ∞            (no helmet)
rElec   +            e - +0 cloak
rCorr   .            (no gloves)
SInv    .            (no boots)
Will    .....        (no amulet) Stlth
                     (no ring)
HPRegen 0.25/turn    (no ring)
MPRegen 0.09/turn

%: no passive effects
@: no status effects
A: sickness immunity, AC +4, negative energy resistance 1, electricity
resistance, torment resistance 1, petrification resistance
a: no special abilities


You were on level 4 of the Dungeon.
You visited 1 branch of the dungeon, and saw 4 of its levels.

You collected 153 gold pieces.

Inventory:

Hand Weapons
 a - a +0 flail (weapon)
Armour
 b - a +0 scale mail (worn)
 c - a +0 buckler (worn)
 e - a +0 cloak (worn)
Jewellery
 o - an amulet of the acrobat
Wands
 h - a wand of flame (25)
Scrolls
 g - 4 scrolls of identify {unknown}
 j - a scroll of teleportation {unknown}
 k - a scroll of poison {unknown}
 l - 2 scrolls of amnesia {unknown}
 m - a scroll of revelation {unknown}
Potions
 d - 2 potions of might
 f - 5 potions of heal wounds {unknown}
 i - a potion of enlightenment {unknown}
 n - 2 potions of brilliance {unknown}


   Skills:
 + Level 4.1 Fighting
 + Level 3.7 Maces & Flails
 + Level 4.1 Armour
 + Level 4.0 Shields


You had 4 spell levels left.
You didn't know any spells.
Your spell library contained the following spells:

 Spells                   Type           Power      Damage    Failure   Level
 Magic Dart               Conj           0%         1d3       80%         1
 Searing Ray              Conj           0%         2d4       90%         2
 Static Discharge         Conj/Air       0%         2-2/arc   90%         2
 Airstrike                Air            0%         2d(0-16)  100%        4
 Fulminant Prism          Conj/Hex       0%         3d5       100%        4
 Summon Lightning Spire   Summ/Air       0%         N/A       100%        4


Dungeon Overview and Level Annotations

Branches:
Dungeon (4/15)
 Temple: D:4-7

Altars:
Ashenzari
Fedhas
Makhleb


Innate Abilities, Weirdness & Mutations

You are immune to sickness and miasma.
Your stone body is resilient. (AC +4)
You are immune to poison.
You resist negative energy. (rN+)
You are resistant to electric shocks. (rElec)
You are resistant to unholy torment.
You are immune to petrification.


Message History

The gnoll attacks as you move away! The gnoll hits you with a +0 whip.
You thump the gnoll!
You kill the gnoll!
The gnoll closely misses you.
Your Shields skill increases to level 4!
The gnoll hits you but does no damage. The gnoll closely misses you.
Things that are here:
a +0 whip; a dart slug corpse You hit the gnoll.
The gnoll is moderately wounded.
You block the gnoll's attack. The gnoll barely misses you.
You hit the gnoll but do no damage.
The gnoll is moderately wounded.
The gnoll hits you but does no damage. You block the gnoll's attack.
You barely miss the gnoll.
The gnoll is moderately wounded.
The gnoll hits you but does no damage.
The gnoll hits you from afar with a +0 spear!
You hit the gnoll.
The gnoll is heavily wounded.
The gnoll hits you but does no damage. The gnoll hits you with a +0 halberd.
The gnoll barely misses you.
The gnoll hits you from afar with a +0 spear.
* * * LOW HITPOINT WARNING * * *
You sock the gnoll!
You kill the gnoll!
The gnoll hits you from afar with a +0 spear.
* * * LOW HITPOINT WARNING * * *
Found a stone staircase leading down.
The gnoll hits you with a +0 spear.
* * * LOW HITPOINT WARNING * * *
Things that are here:
a +0 halberd; a +1 whip of venom; a gnoll corpse You barely miss the gnoll.
You block the gnoll's attack.
You barely miss the gnoll. You block the gnoll's attack.
You closely miss the gnoll. The gnoll hits you but does no damage.
You block the gnoll's attack.
You sock the gnoll!
The gnoll is almost dead.
The gnoll hits you with a +0 spear.
You die...

#. ##...## .
#..## # #.##
#.#####.#
#.......#######
####.##.......#
# #.#####.# #)#
#@#
.......g..>#
####.##.#...#
#. #.#.#.... #.
.◎# . #.# # #..
.. # ### ##


You could see a gnoll.

Vanquished Creatures
  An iguana (D:4)
  3 gnolls (D:4)
  2 adders
  4 worms
  A dart slug (D:4)
  An orc (D:4)
  5 bats
  9 endoplasms
  A giant cockroach (D:2)
  3 goblins (D:3)
  5 hobgoblins
  6 jackals
  9 kobolds
  A quokka (D:3)
  4 ball pythons
  4 rats
59 creatures vanquished.

Notes
Turn   | Place    | Note
-------+----------+-------------------------------------------
     0 | D:1      | AdnanSaban the Gargoyle Fighter began the quest for the
                  | Orb.
     0 | D:1      | Reached XP level 1. HP: 14/14 MP: 1/1
   204 | D:1      | Reached XP level 2. HP: 14/19 MP: 2/2
   826 | D:2      | Reached XP level 3. HP: 24/24 MP: 3/3
  1640 | D:3      | Reached XP level 4. HP: 29/29 MP: 4/4
  1835 | D:3      | Found a blossoming altar of Fedhas.
  1899 | D:3      | Found a burning altar of Makhleb.
  1967 | D:3      | Found a broken altar of Ashenzari.
  2235 | D:4      | Reached XP level 5. HP: 33/33 MP: 5/5
  2293 | D:4      | Slain by a gnoll

Illustrated notes

Levels and vault maps discovered:
D:1:      dpeg_arrival_long_road, layout_basic
D:2:      layout_loops_corners
D:3:      layout_basic, fedhas_altar_2, mainiacjoe_overflow_catch_the_wave
D:4:      minmay_spotlight, layout_loops_corners, mainiacjoe_overflow_brackets,
          uniq_menkaure

Skill      XL: |  1  2  3  4  5 |
---------------+----------------+-----
Maces & Flails | 3 |  3.7
Fighting       | 4 |  4.1
Armour         | 4 |  4.1
Shields        | 4 |  4.0

Action                     |  1- 3 |  4- 6 || total
---------------------------+-------+-------++-------
  Melee: Flail             |   137 |    87 ||   224
 Armour: Scale mail        |    55 |    50 ||   105
  Dodge: Dodged            |    69 |    40 ||   109
  Block: Buckler           |    25 |    26 ||    51

Table legend: (Time is in decaauts)
 A = Elapsed time spent in this place.
 B = Non-inter-level travel time spent in this place.
 C = Inter-level travel time spent in this place.
 D = Time resting spent in this place.
 E = Time spent auto-exploring this place.
 F = Levels seen in this place.
 G = Mean time per level.
                   A        B        C        D        E       F      G
               +--------+--------+--------+--------+--------+-----+--------+
         Total |   2358 |   2342 |     16 |      0 |   1841 |   4 |  589.5 |
       Dungeon |   2358 |   2342 |     16 |      0 |   1841 |   4 |  589.5 |
               +--------+--------+--------+--------+--------+-----+--------+

Top non-repeatable levels by time:
     D:2: 1050 daAuts
     D:1: 552 daAuts
     D:3: 547 daAuts
     D:4: 207 daAuts
